AoeStats
← Brezel

Arabia

509907940Analyzed
1v1 RM · 2d ago on Sep 28, 2026· 31m 13s· 2 players
Game mode
Random Map
Map size
Tiny (2 player)
Population
200
Speed
Normal
Resources
Standard
Victory
Conquest
Starting age
Dark Age
Ending age
Imperial Age
RankedLock teamsTeams togetherTeam positionsShared explorationLock speedFull tech treeHidden civsTurbo modeCheats
Victory
Defeat
🇩🇪 Sicilians · Germany
1204
+15
1187
-15
[TLGA] - La Tigresa del Oriente
6:29 Loom
9:05 Feudal Age
9:49 Double-Bit Axe
11:01 Bloodlines
14:25 Forging
19:24 Gold Mining
23:37 Castle Age
22:19 Scale Barding Armor
Brezel
7:10 Loom
10:24 Feudal Age
10:48 Horse Collar
10:53 Double-Bit Axe
21:08 Scale Mail Armor
26:51 Castle Age
27:38 Forging
27:18 Arson
28:15 Chain Mail Armor
31:29 Squires
Connection lost

Rejoining the realm…

Still unreachable

The connection could not be restored.

Session expired

The server has moved on; the page needs a fresh start.